EL
NORTHWEST ARKANSAS NATURALS @ CORPUS CHRISTI HOOKS
08/17/2044
 
TOP OF THE 1ST
Northwest Arkansas Naturals batting - Pitching for Corpus Christi Hooks : RHP Michael Bruce
Pitching: RHP Michael Bruce
Batting: SHB Jarrod Lindblad 0-0: Foul Ball, location: 2F
0-1: Ball
1-1: Ball
2-1: DOUBLE (Line Drive, 7LS, EV 113.8 MPH)
Batting: LHB Danny Bailey 0-0: Ball
1-0: Called Strike
1-1: Fly out, F3 (Popup, 3F, EV 53.1 MPH)
Batting: RHB Jaden Warrior 0-0: Foul Ball, location: 2F
0-1: Ball
1-1: Swinging Strike
1-2: Ball
2-2: Ball
3-2: Ground out 2-3 (Groundball, 15S, EV 66.9 MPH)
Jarrod Lindblad to third
Batting: RHB Marco Diaz 0-0: Ground out 5-3 (Groundball, 5, EV 90.0 MPH)
Top of the 1st over - 0 runs, 1 hit, 0 errors, 1 left on base; Northwest Arkansas 0 - Corpus Christi 0
BOTTOM OF THE 1ST
Corpus Christi Hooks batting - Pitching for Northwest Arkansas Naturals : RHP Marvin Velasco
Pitching: RHP Marvin Velasco
Batting: RHB Chris McGrath 0-0: Ground out 6-3 (Groundball, 6, EV 80.0 MPH)
Batting: RHB Antonio Gamez 0-0: Ball
1-0: Ground out 6-3 (Groundball, 56, EV 98.8 MPH)
Batting: RHB Paul Shell 0-0: Called Strike
0-1: Ball
1-1: Ball
2-1: Ball
3-1: Base on Balls
Batting: LHB Angelo Vasquez 0-0: Ball
1-0: Ball
Paul Shell steals 2nd base
2-0: Ball
3-0: Base on Balls
Batting: LHB Alexis Montoya 0-0: Ball
1-0: Foul Ball, location: 2F
1-1: Ball
2-1: Swinging Strike
2-2: Strikes out looking
Bottom of the 1st over - 0 runs, 0 hits, 0 errors, 2 left on base; Northwest Arkansas 0 - Corpus Christi 0
TOP OF THE 2ND
Northwest Arkansas Naturals batting - Pitching for Corpus Christi Hooks : RHP Michael Bruce
Batting: RHB Gavin Jones 0-0: Ground out 6-3 (Groundball, 6S, EV 73.8 MPH)
Batting: RHB Tomas Raya 0-0: Ball
1-0: Ball
2-0: Called Strike
2-1: Foul Ball, location: 2F
2-2: Ball
3-2: Strikes out swinging
Batting: RHB Kunimatsu Oya 0-0: Foul Ball, location: 2F
0-1: Ball
1-1: Foul Ball, location: 2F
1-2: Ball
2-2: Foul Ball, location: 2F
2-2: Strikes out looking
Top of the 2nd over - 0 runs, 0 hits, 0 errors, 0 left on base; Northwest Arkansas 0 - Corpus Christi 0
BOTTOM OF THE 2ND
Corpus Christi Hooks batting - Pitching for Northwest Arkansas Naturals : RHP Marvin Velasco
Batting: SHB Malik Whitted 0-0: Ball
1-0: Ball
2-0: Ball
3-0: Called Strike
3-1: Foul Ball, location: 2F
3-2: Foul Ball, location: 2F
3-2: Foul Ball, location: 2F
3-2: SOLO HOME RUN (Flyball, 9D, EV 101.3 MPH), Distance : 375 ft
Batting: RHB Jamie Jennings 0-0: Swinging Strike
0-1: Ball
1-1: Foul Ball, location: 2F
1-2: Foul Ball, location: 2F
1-2: Foul Ball, location: 2F
1-2: Foul Ball, location: 2F
1-2: Ball
2-2: Ball
3-2: Fly out, F9 (Flyball, 89M, EV 91.9 MPH)
Batting: RHB Jim Huff 0-0: Called Strike
0-1: Ball
1-1: Foul Ball, location: 2F
1-2: Ball
2-2: Fly out, F3 (Popup, 23F, EV 81.9 MPH)
Batting: RHB Zach Shaughnessy 0-0: Called Strike
0-1: Ball
1-1: Ground out 6-3 (Groundball, 6, EV 86.3 MPH)
Bottom of the 2nd over - 1 run, 1 hit, 0 errors, 0 left on base; Northwest Arkansas 0 - Corpus Christi 1
TOP OF THE 3RD
Northwest Arkansas Naturals batting - Pitching for Corpus Christi Hooks : RHP Michael Bruce
Batting: RHB Doug Carter 0-0: Called Strike
0-1: Ball
1-1: Ball
2-1: Foul Ball, location: 2F
2-2: Ball
3-2: Foul Ball, location: 2F
3-2: SINGLE (Groundball, 4, EV 108.1 MPH)
Batting: RHB Egidius Kruger 0-0: Ball
1-0: SINGLE (Groundball, 56D, EV 104.4 MPH) (infield hit)
Doug Carter to second
Batting: SHB Jarrod Lindblad 0-0: Ball
1-0: Called Strike
1-1: Ball
2-1: Fielders Choice at 2nd, 5-4 (Groundball, 56, EV 101.3 MPH)
Doug Carter to third
Batting: LHB Danny Bailey 0-0: Ball
1-0: Ball
2-0: Ball
3-0: SINGLE (Groundball, 4MD, EV 98.1 MPH)
Doug Carter scores
Jarrod Lindblad to second
Runner from 2nd tries for 3rd, SAFE, throw by CF made to third
Batting: RHB Jaden Warrior 0-0: Called Strike
0-1: Ball
Danny Bailey steals 2nd base
1-1: Foul Ball, location: 2F
1-2: Foul Ball, location: 2F
1-2: Ball
2-2: Fly out, F8 (Flyball, 8RM, EV 86.9 MPH)
Runner from 3rd tags up, SCORES, throw by CF
Batting: RHB Marco Diaz 0-0: Called Strike
0-1: Foul Ball, location: 2F
0-2: Ball
1-2: Foul Ball, location: 2F
1-2: Foul Ball, location: 2F
1-2: Ball
2-2: Ball
3-2: SINGLE (Groundball, 6D, EV 104.4 MPH)
Danny Bailey to third
Runner from 3rd tries for Home, SAFE, throw by LF to home
Batting: RHB Gavin Jones 0-0: Called Strike
0-1: Ball
1-1: Called Strike
1-2: Strikes out looking
Top of the 3rd over - 3 runs, 4 hits, 0 errors, 1 left on base; Northwest Arkansas 3 - Corpus Christi 1
BOTTOM OF THE 3RD
Corpus Christi Hooks batting - Pitching for Northwest Arkansas Naturals : RHP Marvin Velasco
Batting: RHB Chris McGrath 0-0: Foul Ball, location: 2F
0-1: Ground out 6-3 (Groundball, 6, EV 85.6 MPH)
Batting: RHB Antonio Gamez 0-0: Foul Ball, location: 2F
0-1: Foul Ball, location: 2F
0-2: Ball
1-2: Ground out 5-3 (Groundball, 56S, EV 61.9 MPH)
Batting: RHB Paul Shell 0-0: Called Strike
0-1: Ball
1-1: Foul Ball, location: 2F
1-2: Ball
2-2: SINGLE (Groundball, 6M, EV 99.4 MPH) (infield hit)
Batting: LHB Angelo Vasquez 0-0: Called Strike
Paul Shell steals 2nd base
0-1: Swinging Strike
0-2: Strikes out swinging
Bottom of the 3rd over - 0 runs, 1 hit, 0 errors, 1 left on base; Northwest Arkansas 3 - Corpus Christi 1
TOP OF THE 4TH
Northwest Arkansas Naturals batting - Pitching for Corpus Christi Hooks : RHP Michael Bruce
Batting: RHB Tomas Raya 0-0: Ball
1-0: Swinging Strike
1-1: Ball
2-1: Foul Ball, location: 2F
2-2: Strikes out looking
Batting: RHB Kunimatsu Oya 0-0: Foul Ball, location: 2F
0-1: Fly out, F7 (Flyball, 78XD, EV 96.3 MPH)
Batting: RHB Doug Carter 0-0: Hit by Pitch
Pinch Runner at 1st Grant Conlon:
Batting: RHB Egidius Kruger 0-0: Ball
1-0: Foul Ball, location: 2F
1-1: Foul Ball, location: 2F
1-2: Foul Ball, location: 2F
1-2: SINGLE (Groundball, 56S, EV 71.3 MPH) (infield hit)
Grant Conlon to second
Batting: SHB Jarrod Lindblad 0-0: Ball
1-0: Called Strike
1-1: Foul Ball, location: 2F
1-2: Ground out U3 (Groundball, 34S, EV 78.8 MPH)
Top of the 4th over - 0 runs, 1 hit, 0 errors, 2 left on base; Northwest Arkansas 3 - Corpus Christi 1
BOTTOM OF THE 4TH
Corpus Christi Hooks batting - Pitching for Northwest Arkansas Naturals : RHP Marvin Velasco
Now at C: Pete Deschamps
Batting: LHB Alexis Montoya 0-0: Ball
1-0: Ground out U3 (Groundball, 3S, EV 68.1 MPH)
Batting: SHB Malik Whitted 0-0: Called Strike
0-1: Ball
1-1: DOUBLE (Groundball, 3L, EV 96.9 MPH)
Batting: RHB Jamie Jennings 0-0: Called Strike
0-1: Swinging Strike
0-2: Ball
1-2: Ball
2-2: Ball
3-2: Foul Ball, location: 2F
3-2: Foul Ball, location: 2F
3-2: Strikes out swinging
Batting: RHB Jim Huff 0-0: Ball
1-0: Foul Ball, location: 2F
1-1: Ball
2-1: Called Strike
2-2: Strikes out looking
Bottom of the 4th over - 0 runs, 1 hit, 0 errors, 1 left on base; Northwest Arkansas 3 - Corpus Christi 1
TOP OF THE 5TH
Northwest Arkansas Naturals batting - Pitching for Corpus Christi Hooks : RHP Michael Bruce
Batting: LHB Danny Bailey 0-0: Called Strike
0-1: Ball
1-1: Called Strike
1-2: Ball
2-2: Ball
3-2: Foul Ball, location: 2F
3-2: Strikes out swinging
Batting: RHB Jaden Warrior 0-0: Ball
1-0: Ball
2-0: Called Strike
2-1: Called Strike
2-2: Strikes out swinging
Batting: RHB Marco Diaz 0-0: Ball
1-0: Fly out, F9 (Line Drive, 9, EV 100.0 MPH)
Top of the 5th over - 0 runs, 0 hits, 0 errors, 0 left on base; Northwest Arkansas 3 - Corpus Christi 1
BOTTOM OF THE 5TH
Corpus Christi Hooks batting - Pitching for Northwest Arkansas Naturals : RHP Marvin Velasco
Batting: RHB Zach Shaughnessy 0-0: Ball
1-0: Ball
2-0: Foul Ball, location: 2F
2-1: Fly out, F8 (Flyball, 8RD, EV 93.1 MPH)
Batting: RHB Chris McGrath 0-0: Called Strike
0-1: Foul Ball, location: 2F
0-2: Ground out 5-3 (Groundball, 56S, EV 76.3 MPH)
Batting: RHB Antonio Gamez 0-0: Ground out 6-3 (Groundball, 6M, EV 108.8 MPH)
Bottom of the 5th over - 0 runs, 0 hits, 0 errors, 0 left on base; Northwest Arkansas 3 - Corpus Christi 1
TOP OF THE 6TH
Northwest Arkansas Naturals batting - Pitching for Corpus Christi Hooks : RHP Michael Bruce
Pitching: RHP John Zike
Batting: RHB Gavin Jones 0-0: Called Strike
0-1: Ball
1-1: Called Strike
1-2: Ground out 6-3 (Groundball, 6, EV 80.6 MPH)
Batting: RHB Tomas Raya 0-0: Foul Ball, location: 2F
0-1: Foul Ball, location: 2F
0-2: SINGLE (Groundball, 34D, EV 108.1 MPH)
Batting: RHB Kunimatsu Oya 0-0: TRIPLE (Line Drive, 8LXD, EV 105.6 MPH)
Tomas Raya scores
Batting: RHB Pete Deschamps 0-0: SINGLE (Groundball, 56D, EV 95.6 MPH)
Kunimatsu Oya scores
Batting: RHB Egidius Kruger 0-0: Ball
1-0: Ball
2-0: Swinging Strike
2-1: Fly out, F9 (Flyball, 9LM, EV 86.3 MPH)
Batting: SHB Jarrod Lindblad 0-0: Ball
1-0: SINGLE (Groundball, 4MD, EV 100.6 MPH)
Pete Deschamps to second
Batting: LHB Danny Bailey 0-0: Ball
1-0: Ball
2-0: Called Strike
2-1: SINGLE (Flyball, 8LS, EV 98.8 MPH)
Pete Deschamps to third
Jarrod Lindblad to second
Runner from 3rd tries for Home, SAFE, throw by CF to home
Batting: RHB Jaden Warrior 0-0: Called Strike
0-1: Swinging Strike
0-2: Fly out, F7 (Flyball, 7S, EV 81.9 MPH)
Top of the 6th over - 3 runs, 5 hits, 0 errors, 2 left on base; Northwest Arkansas 6 - Corpus Christi 1
BOTTOM OF THE 6TH
Corpus Christi Hooks batting - Pitching for Northwest Arkansas Naturals : RHP Marvin Velasco
Batting: RHB Paul Shell 0-0: Called Strike
0-1: Called Strike
0-2: Foul Ball, location: 2F
0-2: Ball
1-2: Ball
2-2: Ground out 5-3 (Groundball, 56S, EV 83.1 MPH)
Batting: LHB Angelo Vasquez 0-0: Ball
1-0: Ball
2-0: Called Strike
2-1: Ball
3-1: Foul Ball, location: 2F
3-2: Foul Ball, location: 2F
3-2: Base on Balls
Batting: LHB Alexis Montoya 0-0: Called Strike
0-1: Ball
1-1: Called Strike
1-2: SINGLE (Groundball, 4M, EV 104.4 MPH) (infield hit)
Angelo Vasquez to second
Batting: SHB Malik Whitted 0-0: Ball
1-0: Fly out, F7 (Flyball, 78M, EV 95.0 MPH)
Batting: RHB Jamie Jennings 0-0: Ball
1-0: Fly out, F5 (Popup, 15S, EV 93.8 MPH)
Bottom of the 6th over - 0 runs, 1 hit, 0 errors, 2 left on base; Northwest Arkansas 6 - Corpus Christi 1
TOP OF THE 7TH
Northwest Arkansas Naturals batting - Pitching for Corpus Christi Hooks : RHP John Zike
Batting: RHB Marco Diaz 0-0: Ball
1-0: Called Strike
1-1: Ground out U3 (Groundball, 3, EV 103.8 MPH)
Batting: RHB Gavin Jones 0-0: Ground out 4-3 (Groundball, 4, EV 92.5 MPH)
Batting: RHB Tomas Raya 0-0: Ball
1-0: Fly out, F8 (Flyball, 8RXD, EV 90.0 MPH)
Top of the 7th over - 0 runs, 0 hits, 0 errors, 0 left on base; Northwest Arkansas 6 - Corpus Christi 1
BOTTOM OF THE 7TH
Corpus Christi Hooks batting - Pitching for Northwest Arkansas Naturals : RHP Marvin Velasco
Pitching: RHP Lionardo Rabelo
Batting: RHB Jim Huff 0-0: Called Strike
0-1: Ground out 4-3 (Groundball, 4M, EV 83.1 MPH)
Batting: RHB Zach Shaughnessy 0-0: Swinging Strike
0-1: Ball
1-1: Foul Ball, location: 2F
1-2: Ball
2-2: Foul Ball, location: 2F
2-2: Foul Ball, location: 2F
2-2: Foul Ball, location: 2F
2-2: Strikes out swinging
Batting: RHB Chris McGrath 0-0: Ball
1-0: Ball
2-0: Ball
3-0: Base on Balls
Batting: RHB Antonio Gamez 0-0: Ball
Chris McGrath steals 2nd base
1-0: SINGLE (Line Drive, 56, EV 102.5 MPH)
Chris McGrath to third
Runner from 3rd tries for Home, SAFE, throw by LF to home
Batting: RHB Paul Shell 0-0: Called Strike
0-1: Ball
1-1: Ball
2-1: Ball
3-1: Ground out 4-3 (Groundball, 34, EV 100.6 MPH)
Bottom of the 7th over - 1 run, 1 hit, 0 errors, 1 left on base; Northwest Arkansas 6 - Corpus Christi 2
TOP OF THE 8TH
Northwest Arkansas Naturals batting - Pitching for Corpus Christi Hooks : RHP John Zike
Pitching: RHP Alexander Hagan
Batting: RHB Kunimatsu Oya 0-0: Ball
1-0: Ball
2-0: Foul Ball, location: 2F
2-1: Ball
3-1: Foul Ball, location: 2F
3-2: Base on Balls
Batting: RHB Pete Deschamps 0-0: Called Strike
0-1: Ball
Wild Pitch!
Kunimatsu Oya to second
1-1: Foul Ball, location: 2F
1-2: Strikes out looking
Batting: RHB Egidius Kruger 0-0: Ball
1-0: Called Strike
1-1: Foul Ball, location: 2F
1-2: Ball
2-2: Foul Ball, location: 2F
2-2: Ball
3-2: Ground out U3 (Groundball, 34, EV 86.3 MPH)
Kunimatsu Oya to third
Batting: SHB Jarrod Lindblad 0-0: Ball
1-0: Ball
2-0: Called Strike
2-1: Ball
3-1: Foul Ball, location: 2F
3-2: Base on Balls
Batting: LHB Danny Bailey 0-0: Ball
1-0: Ball
2-0: Called Strike
2-1: Foul Ball, location: 2F
2-2: SINGLE (Groundball, 25, EV 63.8 MPH) (infield hit)
Kunimatsu Oya scores
Jarrod Lindblad to second
Batting: RHB Jaden Warrior 0-0: Called Strike
0-1: Ball
1-1: Swinging Strike
1-2: Ball
2-2: Foul Ball, location: 2F
2-2: Foul Ball, location: 2F
2-2: Fly out, F2 (Popup, 13S, EV 81.9 MPH)
Top of the 8th over - 1 run, 1 hit, 0 errors, 2 left on base; Northwest Arkansas 7 - Corpus Christi 2
BOTTOM OF THE 8TH
Corpus Christi Hooks batting - Pitching for Northwest Arkansas Naturals : RHP Lionardo Rabelo
Batting: LHB Angelo Vasquez 0-0: Swinging Strike
0-1: Swinging Strike
0-2: Ball
1-2: Ball
2-2: Strikes out swinging
Batting: LHB Alexis Montoya 0-0: Foul Ball, location: 2F
0-1: Called Strike
0-2: Ball
1-2: Ball
2-2: Foul Ball, location: 2F
2-2: Foul Ball, location: 2F
2-2: SOLO HOME RUN (Flyball, 89XD, EV 98.1 MPH), Distance : 395 ft
Batting: SHB Malik Whitted 0-0: Called Strike
0-1: Ground out U3 (Groundball, 3S, EV 73.1 MPH)
Batting: RHB Jamie Jennings 0-0: Ball
1-0: Foul Ball, location: 2F
1-1: Ball
2-1: Foul Ball, location: 2F
2-2: Fly out, F7 (Flyball, 7LS, EV 92.5 MPH)
Bottom of the 8th over - 1 run, 1 hit, 0 errors, 0 left on base; Northwest Arkansas 7 - Corpus Christi 3
TOP OF THE 9TH
Northwest Arkansas Naturals batting - Pitching for Corpus Christi Hooks : RHP Alexander Hagan
Pitching: RHP Brian Lynch
Batting: RHB Marco Diaz 0-0: Ball
1-0: Foul Ball, location: 2F
1-1: Foul Ball, location: 2F
1-2: Ball
2-2: Ground out 1-3 (Groundball, 15S, EV 71.3 MPH)
Batting: RHB Gavin Jones 0-0: Foul Ball, location: 2F
0-1: Ball
1-1: Ball
2-1: Called Strike
2-2: Foul Ball, location: 2F
2-2: Foul Ball, location: 2F
2-2: Ball
3-2: Strikes out swinging
Batting: RHB Tomas Raya 0-0: Ball
1-0: Called Strike
1-1: Ball
2-1: Called Strike
2-2: Strikes out swinging
Top of the 9th over - 0 runs, 0 hits, 0 errors, 0 left on base; Northwest Arkansas 7 - Corpus Christi 3
BOTTOM OF THE 9TH
Corpus Christi Hooks batting - Pitching for Northwest Arkansas Naturals : RHP Lionardo Rabelo
Pitching: RHP Vinny Reveles
Batting: RHB Jim Huff 0-0: Ball
1-0: Ball
2-0: Ground out 6-3 (Groundball, 6, EV 104.4 MPH)
Batting: RHB Zach Shaughnessy 0-0: Foul Ball, location: 2F
0-1: Ball
1-1: Called Strike
1-2: Ball
2-2: Ground out 5-3 (Groundball, 56, EV 86.9 MPH)
Batting: RHB Chris McGrath 0-0: Foul Ball, location: 2F
0-1: Ground out 5-3 (Groundball, 56S, EV 80.6 MPH)
Bottom of the 9th over - 0 runs, 0 hits, 0 errors, 0 left on base; Northwest Arkansas 7 - Corpus Christi 3
Thursday, March 31st , 2022 - OOTP Baseball 22.12 Build 89